 Dungeon Crawl Stone Soup version 0.23.2-33-g5129a83184 (webtiles) character file.

Game seed: 11171872899136327665

172 aoanla the Ruffian (level 5, -25/46 HPs)
             Began as a Ghoul Monk on July 14, 2019.
             Was a Believer of Okawaru.
             Annihilated by an ogre
             ... wielding a +0 giant club
              (26 damage)
             ... on level 4 of the Dungeon.
             The game lasted 00:28:30 (2445 turns).

aoanla the Ruffian (Ghoul Monk)                     Turns: 2445, Time: 00:28:31

Health: -25/46     AC:  6    Str: 15    XL:     5   Next: 52%
Magic:  4/4        EV: 10    Int:  5    God:    Okawaru [**....]
Gold:   91         SH:  0    Dex: 12    Spells: 4/4 levels left

rFire    . . .     SeeInvis .     - Unarmed
rCold    + . .     Gourm    .   (no shield)
rNeg     + + +     Faith    .   g - +0 scale mail {rPois}
rPois    ∞         Spirit   .   (no helmet)
rElec    .         Reflect  .   (no cloak)
rCorr    .         Harm     .   (no gloves)
MR       .....                  (no boots)
Stlth    +.........             (no amulet)
HPRegen  0.00/turn              (no ring)
MPRegen  0.09/turn              (no ring)

@: about to teleport, rotting
A: rotting body, claws 1, carnivore, cold resistance 1, negative energy
resistance 3, inhibited regeneration, torment resistance, unbreathing
a: Heroism, Renounce Religion


You were on level 4 of the Dungeon.
You worshipped Okawaru.
Okawaru was pleased with you.
You were not hungry.

You visited 1 branch of the dungeon, and saw 4 of its levels.

You collected 91 gold pieces.

Inventory:

Missiles
 c - 55 stones (quivered)
 r - 10 poisoned needles
Armour
 a - a +0 robe
 d - a +0 robe
 g - a +0 scale mail of poison resistance (worn)
Magical Staves
 n - an uncursed staff of conjuration
Wands
 p - a wand of random effects (25)
Scrolls
 f - a scroll of amnesia {unknown}
 h - 3 scrolls of identify
 j - 3 scrolls of teleportation
 k - 2 scrolls of remove curse {unknown}
 s - a scroll of noise {unknown}
Potions
 e - 2 potions of heal wounds
 i - a potion of flight
 m - a potion of curing {unknown}
 o - a potion of agility {unknown}
 q - a potion of cancellation {unknown}
 t - a potion of lignification {unknown}
Comestibles
 b - 5 rations
 l - 5 chunks of flesh


   Skills:
 + Level 3.7 Fighting
 + Level 1.5 Armour
 + Level 3.2 Dodging
 + Level 2.3 Stealth
 + Level 5.5 Unarmed Combat


You had 4 spell levels left.
You didn't know any spells.
Your spell library was empty.

Dungeon Overview and Level Annotations

Branches:
Dungeon (4/15)
 Temple: D:4-7

Altars:
Ashenzari
Elyvilon
Hepliaklqana
Makhleb
Okawaru
Yredelemnul


Innate Abilities, Weirdness & Mutations

Your body is rotting away.
You thrive on raw meat.
You are immune to poison.
You have sharp fingernails.
You are carnivorous and can eat meat at any time.
Your flesh is cold resistant. (rC+)
You are immune to negative energy. (rN+++)
You do not regenerate when monsters are visible.
You are immune to unholy pain and torment.
You can survive without breathing.


Message History

You claw the ogre! You claw the ogre, but do no damage.
The ogre is heavily wounded.
You scratch the ogre. Your claw misses the ogre.
The ogre is severely wounded.
The ogre hits you with a +0 giant club!
You claw the ogre!
The ogre is almost dead.
The ogre closely misses you.
Your scale mail prevents you from hitting the ogre.
The ogre is almost dead.
You barely miss the ogre.
The ogre is almost dead.
The ogre hits you with a +0 giant club!!
Ouch! That really hurt!
* * * LOW HITPOINT WARNING * * *
As you read the scroll of teleportation, it crumbles to dust.
You feel strangely unstable.
The ogre hits you with a +0 giant club!!
Ouch! That really hurt!
You die...

#...###......#.....
#..............#####
#............###
#............#
#..............
#...........####
#.....#.......
#.....################
#.....# ###...@O...#
#.....# #......#...#
#.....#####.....## ..#
#........#......# .+
#.....##......### #
#.....#########
#.....# #######


You could see an ogre.

Vanquished Creatures
  A centaur skeleton (D:4)
  Terence (D:2)
  3 adders
  3 gnolls (D:3)
  3 worms (D:2)
  A dart slug (D:4)
  An orc (D:3)
  4 giant cockroaches
  8 goblins
  2 hobgoblins (D:2)
  5 jackals
  A ball python (D:2)
  5 bats
  2 frilled lizards
  6 kobolds
  7 rats
53 creatures vanquished.

Notes
Turn   | Place    | Note
-------+----------+-------------------------------------------
     0 | D:1      | aoanla the Ghoul Monk began the quest for the Orb.
     0 | D:1      | Reached XP level 1. HP: 19/19 MP: 0/0
   366 | D:1      | Reached XP level 2. HP: 23/26 MP: 1/1
  1091 | D:2      | Reached XP level 3. HP: 26/33 MP: 2/2
  1274 | D:2      | Reached skill level 4 in Unarmed Combat
  1499 | D:2      | Found a hazy altar of Hepliaklqana.
  1499 | D:2      | Found an iron altar of Okawaru.
  1525 | D:2      | Became a worshipper of Warmaster Okawaru
  1525 | D:2      | Reached * piety under Okawaru
  1525 | D:2      | Reached ** piety under Okawaru
  1702 | D:2      | Found a white marble altar of Elyvilon.
  1727 | D:2      | Reached skill level 1 in Armour
  1727 | D:2      | Reached XP level 4. HP: 34/40 MP: 3/3
  1757 | D:2      | Noticed Terence
  1782 | D:2      | Killed Terence
  1882 | D:2      | Found a burning altar of Makhleb.
  2023 | D:3      | Reached skill level 5 in Unarmed Combat
  2023 | D:3      | Reached XP level 5. HP: 19/45 MP: 4/4
  2063 | D:3      | Found a basalt altar of Yredelemnul.
  2358 | D:4      | Found a shattered altar of Ashenzari.
  2435 | D:4      | Noticed an ogre
  2444 | D:4      | HP: 1/46 [ogre/+0 giant club (31)]
  2445 | D:4      | Annihilated by an ogre

Skill      XL: |  1  2  3  4 |
---------------+-------------+-----
Unarmed Combat | 4 5 |  5.5
Dodging        | 3 |  3.2
Armour         | 1 |  1.5
Fighting       | |  3.7
Stealth        | |  2.3

Action                   |  1- 3 |  4- 6 || total
-------------------------+-------+-------++-------
Melee: Unarmed           |   137 |    82 ||   219
       Punch             |       |     4 ||     4
Throw: Stone             |     3 |       ||     3
Evoke: Wand              |       |     1 ||     1
  Use: Scroll            |     1 |     3 ||     4
  Eat: Chunk             |     8 |     6 ||    14
       Ration            |     1 |       ||     1
Armor: Scale mail        |    50 |    36 ||    86
       Robe              |     1 |       ||     1
Dodge: Dodged            |    89 |    49 ||   138
